 Dungeon Crawl Stone Soup version 0.32-a0-779-g362cfcae2a (webtiles) character file.

Game seed: 12682723190423972576

88729 backslashecho the Covert (level 15, -8/125 HPs)
             Began as a Gnoll Enchanter on Mar 20, 2024.
             Was a Priest of Ashenzari.
             Mangled by a seven-headed hydra (9 damage)
             ... on level 14 of the Dungeon.
             The game lasted 01:47:54 (30235 turns).

backslashecho the Covert (Gnoll Enchanter)         Turns: 30235, Time: 01:47:54

Health: -8/125     AC: 11    Str:  8    XL:     15   Next: 94%
Magic:  26/33      EV: 14    Int: 30    God:    Ashenzari [***...]
Gold:   1669       SH: 11    Dex: 13    Spells: 24/43 levels left

rFire   . . .        l - +7 captain's cutlass {speed, disarm}
rCold   + + .        s - +0 kite shield
rNeg    . . .        m - +2 troll leather armour of Ashenzari's Vexation {Regen+, Snorg, Cun, Self} (curse)
rPois   +            C - +2 hat of Star-Bound Wisdom {Sorc, Cun} (curse)
rElec   +            e - scarf of the Eternal Seeker {shadows, Dev, Self} (curse)
rCorr   .            L - +0 pair of gloves
SInv    +            j - +0 pair of boots
Will    .....        R - amulet of magic regeneration
Stlth   +++++        r - ring of the Eternal Burden {rF+ rC+ Will- Int+6 Slay+2, Melee, Self} (curse)
HPRegen 1.20/turn    Y - ring "Circumscribed Together" {Ice *Slow rElec rPois Int+3, Sorc, Bglg} (curse)
MPRegen 0.63/turn

%: slow self (1%), clarity
@: slowed, very slow
A: fangs 1, strong nose, distributed training
a: Renounce Religion, Curse Item, Shatter the Chains


You were on level 14 of the Dungeon.
You worshipped Ashenzari.
Ashenzari was most pleased with you.
You visited 4 branches of the dungeon, and saw 22 of its levels.
You also visited: Sewer, Bailey, Gauntlet and Ice Cave.

You collected 3336 gold pieces.
You spent 1667 gold pieces at shops.

Inventory:

Hand Weapons
 a - a +2 dagger of venom
 b - the +5 rapier of Precise Incision {antimagic, rF+ Dex+5}
   (You found it on level 11 of the Dungeon)

   Dex+5:     It affects your dexterity (+5).
   rF+:       It protects you from fire.
 l - the +7 captain's cutlass (weapon) {speed, disarm}
   (You found it on level 13 of the Dungeon)
Missiles
 k - 31 poisoned darts (quivered)
 q - 4 throwing nets
 B - 8 darts of dispersal
 I - a curare-tipped dart
Armour
 e - the cursed scarf of the Eternal Seeker (worn) {shadows, Dev, Self}
   (You found it on level 5 of the Dungeon)

   It has a curse which improves the following skills: Devices: Evocations and
   Shapeshifting.
   Introspection: Fighting and Spellcasting.
 j - a +0 pair of boots (worn)
 m - the cursed +2 troll leather armour of Ashenzari's Vexation (worn) {Regen+, Snorg, Cun, Self}
   (You found it on level 12 of the Dungeon)

   Regen+:    It increases your rate of health regeneration.
   It has a curse which improves the following skills: Cunning: Dodging and
   Stealth.
   Introspection: Fighting and Spellcasting.
 s - a +0 kite shield (worn)
 C - the cursed +2 hat of Star-Bound Wisdom (worn) {Sorc, Cun}
   (You found it on level 11 of the Dungeon)

   It has a curse which improves the following skills: Sorcery: Conjurations and
   Alchemy.
   Cunning:   Dodging and Stealth.
 G - +0 acid dragon scales
 L - a +0 pair of gloves (worn)
Magical Staves
 A - a staff of conjuration
Jewellery
 h - the ring of the Komodo Dragon {^Drain rPois rC+ Will+++ Dex+2}
   (You found it on level 13 of the Dungeon)

   [ring of protection from cold]

   Dex+2:     It affects your dexterity (+2).
   rC+:       It protects you from cold.
   rPois:     It protects you from poison.
   Will+++:   It greatly increases your willpower.
   ^Drain:    It drains your maximum health when unequipped.
 r - the cursed ring of the Eternal Burden (left hand) {rF+ rC+ Will- Int+6 Slay+2, Melee, Self}
   (You found it on level 3 of the Dungeon)

   [ring of intelligence]

   Int+6:     It affects your intelligence (+6).
   Slay+2:    It affects your accuracy & damage with ranged weapons and melee
   (+2).
   rF+:       It protects you from fire.
   rC+:       It protects you from cold.
   Will-:     It decreases your willpower.
   It has a curse which improves the following skills: Melee Combat: Short
   Blades, Long Blades, Axes, Maces & Flails, Polearms, Staves and Unarmed
   Combat.
   Introspection: Fighting and Spellcasting.
 R - an amulet of magic regeneration (around neck)
 S - the ring of Ogiaco {rF+ Str+2}
   (You found it in a Gauntlet)

   [ring of protection from fire]

   Str+2:     It affects your strength (+2).
   rF+:       It protects you from fire.
 Y - the cursed ring "Circumscribed Together" (right hand) {Ice *Slow rElec rPois Int+3, Sorc, Bglg}
   (You bought it in a shop on level 5 of the Dungeon)

   [ring of ice]

   Ice:       It enhances your ice magic.
   Int+3:     It affects your intelligence (+3).
   rF-:       It makes you vulnerable to fire.
   rC+:       It protects you from cold.
   rElec:     It insulates you from electricity.
   rPois:     It protects you from poison.
   *Slow:     It may slow you when you take damage.
   It has a curse which improves the following skills: Sorcery: Conjurations and
   Alchemy.
   Beguiling: Hexes and Translocations.
Wands
 y - a wand of flame (45)
 M - a wand of light (13)
 O - a wand of mindburst (7)
 P - a wand of iceblast (18)
Scrolls
 n - 9 scrolls of blinking
 o - 4 scrolls of summoning
 u - 4 scrolls of fog
 w - 3 scrolls of silence
 D - 2 scrolls of fear
 E - 6 scrolls of enchant armour
 F - 7 scrolls of teleportation
 V - 2 scrolls of poison
 X - 3 scrolls of revelation
Potions
 c - 3 potions of invisibility
 d - 11 potions of curing
 g - 4 potions of mutation
 i - 4 potions of berserk rage
 p - 6 potions of brilliance
 t - 5 potions of heal wounds
 x - 2 potions of haste
 z - 4 potions of might
 J - a potion of resistance
 N - 2 potions of cancellation
 Q - 7 potions of enlightenment
 U - a potion of ambrosia
Miscellaneous
 f - a phial of floods
 v - a tin of tremorstones (2/2)
 H - a lightning rod (4/4)
 T - a phantom mirror


   Skills:
 + Level 10.7(13.7) Fighting
 + Level 11.1(12.5) Short Blades
 + Level 10.7(12.2) Long Blades
 + Level 10.7(12.2) Axes
 + Level 10.7(12.2) Maces & Flails
 + Level 10.7(12.2) Polearms
 + Level 10.7(12.2) Staves
 + Level 10.7 Ranged Weapons
 + Level 10.7 Throwing
 + Level 10.7 Armour
 + Level 11.7(13.8) Dodging
 + Level 12.2(14.4) Stealth
 + Level 10.7 Shields
 + Level 10.7(12.2) Unarmed Combat
 + Level 11.8(14.7) Spellcasting
 + Level 9.0(11.3) Conjurations
 + Level 10.6(12.0) Hexes
 + Level 9.0 Summonings
 + Level 9.0 Necromancy
 + Level 9.0(10.5) Translocations
 + Level 9.0 Fire Magic
 + Level 9.0 Ice Magic
 + Level 9.0 Air Magic
 + Level 9.0 Earth Magic
 + Level 9.0(11.3) Alchemy
 + Level 11.7 Invocations
 + Level 10.7(12.2) Evocations
 + Level 9.9(11.3) Shapeshifting


You had 24 spell levels left.
You knew the following spells:

 Your Spells              Type           Power      Damage    Failure   Level
a - Ensorcelled Hibernat  Hex/Ice        100%       N/A       1%          2
b - Tukima's Dance        Hex            76%        N/A       1%          3
c - Static Discharge      Conj/Air       100%       3-8/arc   1%          2
d - Dazzling Flash        Conj/Hex       100%       N/A       1%          3
e - Fireball              Conj/Fire      35%        3d15      4%          5
f - Iskenderun's Mystic   Conj/Tloc      73%        2d15      1%          4

Your spell library contained the following spells:

 Spells                   Type           Power      Damage    Failure   Level
 Magic Dart               Conj           100%       1d8       1%          1
 Shock                    Conj/Air       100%       1d9       1%          1
 Summon Small Mammal      Summ           100%       N/A       1%          1
 Call Imp                 Summ           100%       N/A       1%          2
 Scorch                   Fire           100%       2d9       1%          2
 Searing Ray              Conj           100%       2d8       1%          2
 Sublimation of Blood     Necr           67%        N/A       1%          2
 Call Canine Familiar     Summ           67%        N/A       1%          3
 Confusing Touch          Hex            76%        N/A       1%          3
 Fugue of the Fallen      Necr           67%        N/A       1%          3
 Hailstorm                Conj/Ice       90%        3d15      1%          3
 Ozocubu's Armour         Ice            86%        N/A       1%          3
 Passwall                 Erth           67%        N/A       1%          3
 Sigil of Binding         Hex            76%        N/A       1%          3
 Summon Ice Beast         Ice/Summ       86%        N/A       1%          3
 Swiftness                Air            67%        N/A       1%          3
 Volatile Blastmotes      Fire/Tloc      100%       2d18      1%          3
 Dimensional Bullseye     Hex/Tloc       37%        N/A       1%          4
 Flame Wave               Conj/Fire      70%        2d16      1%          4
 Fulminant Prism          Conj/Alch      37%        3d17      1%          4
 Ignite Poison            Fire/Alch      70%        N/A       1%          4
 Leda's Liquefaction      Alch/Erth      35%        N/A       1%          4
 Manifold Assault         Tloc           71%        N/A       1%          4
 Petrify                  Alch/Erth      70%        N/A       1%          4
 Airstrike                Air            33%        2d(5-21)  2%          4
 Animate Dead             Necr           67%        N/A       2%          4
 Summon Blazeheart Golem  Fire/Summ      67%        N/A       2%          4
 Summon Lightning Spire   Summ/Air       67%        N/A       2%          4
 Metabolic Englaciation   Hex/Ice        45%        N/A       3%          5
 Bombard                  Conj/Erth      35%        9d6       22%         6
 Sculpt Simulacrum        Ice/Alch       45%        N/A       22%         6
 Permafrost Eruption      Ice/Erth       43%        2x4d12    34%         6
 Summon Cactus Giant      Summ           33%        N/A       34%         6
 Summon Hydra             Summ           33%        N/A       88%         7


Dungeon Overview and Level Annotations

Branches:
Dungeon (14/15)            Temple (1/1) D:7            Lair (5/5) D:8
  Swamp (0/4) Lair:2        Snake (0/4) Lair:3        Slime (0/5) Lair:5
    Orc (2/2) D:10            Elf (0/3) Orc:2         Sewer (visited)
 Bailey (visited)           IceCv (visited)         Gauntlet (visited)
 Vaults: D:13-14

Altars:
Ashenzari
Cheibriados
Dithmenos
Elyvilon
Fedhas
Gozag
Hepliaklqana
Kikubaaqudgha
Makhleb
Nemelex Xobeh
Okawaru
Qazlal
Ru
Sif Muna
Trog
Uskayaw
Vehumet
Wu Jian
Xom
Yredelemnul
Zin
The Shining One
Beogh
Jiyva

Shops:
D:3 =   D:5 *?:=[   D:10 *   Orc:1 =   Orc:2 :=[*

Annotations:
D:3 Grinder


Innate Abilities, Weirdness & Mutations

You have very sharp teeth.
Your uncanny sense of smell can sniff out nearby items.
Your experience applies equally to all skills.


Message History

You block the kobold demonologist's attack.
You take 21 damage, and have 104/125 hp.
You puncture the kobold demonologist!
The captain's cutlass flashes!
You lacerate the kobold demonologist!!
The kobold demonologist's +0 dagger falls to the floor!
You kill the kobold demonologist!
You block the seven-headed hydra's attack.
The seven-headed hydra bites you!
You block the seven-headed hydra's attack.
The seven-headed hydra completely misses you.
You block the seven-headed hydra's attack.
The seven-headed hydra bites you. x2
You take 18 damage, and have 86/125 hp.
Casting: Tukima's Dance (safe; 1% risk of failure)
Confirm with . or Enter, or press ? or * to list all spells.
Aiming: Ensorcelled Hibernation (safe; 1% risk of failure)
Press: ? - help, Shift-Dir - straight line, f - seven-headed hydra
Aim: a seven-headed hydra (chance to affect: 37%)
You feel a surge of power!
The seven-headed hydra easily resists.
The kobold brigand throws a poisoned dart.
You block the poisoned dart. The seven-headed hydra misses you.
The seven-headed hydra bites you!
The seven-headed hydra barely misses you.
The seven-headed hydra closely misses you.
You block the seven-headed hydra's attack. x2
The seven-headed hydra bites you but does no damage.
You take 8 damage, and have 78/125 hp.
You now have 32/33 mp.
Casting: Ensorcelled Hibernation (safe; 1% risk of failure)
Confirm with . or Enter, or press ? or * to list all spells.
Aiming: Ensorcelled Hibernation (safe; 1% risk of failure)
Press: ? - help, Shift-Dir - straight line, f/p - seven-headed hydra
Aim: a seven-headed hydra (chance to affect: 37%)
You feel a surge of power!
The seven-headed hydra easily resists.
The seven-headed hydra bites you but does no damage.
The seven-headed hydra closely misses you.
The seven-headed hydra bites you but does no damage.
The seven-headed hydra closely misses you.
You block the seven-headed hydra's attack. x2
The seven-headed hydra barely misses you.
You block the kobold brigand's attack. The seven-headed hydra bites you.
The seven-headed hydra bites you but does no damage. x2
The seven-headed hydra barely misses you.
The seven-headed hydra bites you! x2
The seven-headed hydra bites you but does no damage.
You take 27 damage, and have 51/125 hp.
MASSIVE DAMAGE!!
You now have 31/33 mp.
Casting: Ensorcelled Hibernation (safe; 1% risk of failure)
Confirm with . or Enter, or press ? or * to list all spells.
Aiming: Ensorcelled Hibernation (safe; 1% risk of failure)
Press: ? - help, Shift-Dir - straight line, f/p - seven-headed hydra
Aim: a seven-headed hydra (chance to affect: 37%)
You feel a surge of power!
The seven-headed hydra easily resists.
The kobold brigand hits you with a +0 short sword.
The seven-headed hydra barely misses you.
The seven-headed hydra closely misses you.
The seven-headed hydra bites you but does no damage.
You block the seven-headed hydra's attack.
The seven-headed hydra bites you but does no damage. x3
The kobold brigand hits you with a +0 short sword.
A yaktaur comes into view.
You now have 30/33 mp.
Casting: Ensorcelled Hibernation (safe; 1% risk of failure)
Confirm with . or Enter, or press ? or * to list all spells.
Aiming: Ensorcelled Hibernation (safe; 1% risk of failure)
Press: ? - help, Shift-Dir - straight line, f/p - seven-headed hydra
Aim: a seven-headed hydra (chance to affect: 37%)
You feel a surge of power!
The seven-headed hydra easily resists.
The seven-headed hydra barely misses you.
The seven-headed hydra bites you but does no damage.
You block the seven-headed hydra's attack.
The seven-headed hydra bites you!
You block the seven-headed hydra's attack.
The seven-headed hydra bites you.
You block the seven-headed hydra's attack.
The kobold brigand completely misses you.
The seven-headed hydra bites you!
* * * LOW HITPOINT WARNING * * *
The seven-headed hydra bites you!
* * * LOW HITPOINT WARNING * * *
The seven-headed hydra misses you.
The seven-headed hydra barely misses you.
The seven-headed hydra bites you!
* * * LOW HITPOINT WARNING * * *
The seven-headed hydra closely misses you. x2
You take 36 damage, and have 15/125 hp.
MASSIVE DAMAGE!!
You now have 28/33 mp.
The kobold brigand attacks as it pursues you!
The kobold brigand closely misses you.
Casting: Ensorcelled Hibernation (safe; 1% risk of failure)
Confirm with . or Enter, or press ? or * to list all spells.
You erupt in a blast of force!
The mystic blast hits the seven-headed hydra!
The seven-headed hydra is moderately wounded.
The seven-headed hydra barely misses you.
The seven-headed hydra bites you!
* * * LOW HITPOINT WARNING * * *
You block the seven-headed hydra's attack.
The seven-headed hydra bites you but does no damage.
The seven-headed hydra bites you!
* * * LOW HITPOINT WARNING * * *
The seven-headed hydra bites you!
You die...

#.# ##.##..#
#.. #..###.#
#.## #.# #
#######.# #.
#..,..#.# #.
##.#..#.#
#..#.#[#.#.#
#.#..#{##D.#)#
......ccK#@#)#
.#..#.#####)#
......{{.).).#
....c...[....#
#.#..#.#######
........
#.#..#.#
#.#..#.# { #
#. ## ∆


You could see a seven-headed hydra.

Vanquished Creatures
  Frances (D:13)
  Snorg (D:12)
  A minotaur (Gauntlet)
  A fire dragon (Lair:5)
  An entropy weaver (Gauntlet)
  4 hydras
  Erica (D:10)
  5 centaur warriors
  A catoblepas (Lair:4)
  2 death yaks (Lair:4)
  3 two-headed ogres
  2 boulder beetles
  Urug (D:10)
  3 orc high priests
  2 dancing weapons
  2 skysharks
  A fire crab (Gauntlet)
  A skeletal warrior (D:14)
  Lodul (D:12)
  A deep troll (Lair:2)
  2 bog bodies (IceCv)
  A lindwurm (Lair:5)
  An obsidian bat (Orc:2)
  A deep elf pyromancer (D:14)
  A wolf spider (D:13)
  5 orc knights
  4 cyclopes (D:13)
  6 orc sorcerers
  2 ugly things (D:12)
  Maurice (D:7)
  3 manticores
  11 elephants
  7 black mambas
  4 kobold blastminers (Orc:2)
  An ice statue (IceCv)
  A molten gargoyle (Lair:5)
  A gargoyle (D:11)
  10 cane toads
  A hellion (Gauntlet)
  A kobold demonologist (D:14)
  A rime drake (Lair:5)
  An unseen horror (D:12)
  19 komodo dragons
  A freezing wraith (IceCv)
  4 trolls
  A tyrant leech (Lair:2)
  3 polar bears
  3 blink frogs (Lair:3)
  A hornet (D:8)
  38 yaks
  11 slime creatures
  A shadow (D:12)
  4 wraiths
  A dire elephant simulacrum (IceCv)
  2 fire bats (Gauntlet)
  8 basilisks
  6 wyverns
  3 wargs
  A redback (Gauntlet)
  9 vampire mosquitoes
  3 steam dragons
  2 nagas (Lair:3)
  A hydra simulacrum (IceCv)
  2 swamp worms (Lair:2)
  2 death yak simulacra (IceCv)
  2 acid dragons
  10 water moccasins
  4 hell hounds (Lair:5)
  Pargi (Sewer)
  An ice beast (D:5)
  2 sky beasts
  2 black bears
  15 orc warriors
  21 wolves
  9 centaurs
  14 ogres
  5 kobold brigands
  A brain worm (Sewer)
  10 bullfrogs
  2 scorpions
  4 two-headed ogre simulacra (IceCv)
  4 cane toad simulacra (IceCv)
  15 killer bees
  5 elephant simulacra (IceCv)
  An electric eel (Lair:1)
  3 howler monkeys
  3 lava snakes (Lair:5)
  10 hounds
  3 bombardier beetles
  7 jellies
  19 orc priests
  A sleepcap (D:7)
  Jessica (D:2)
  5 iguanas
  32 orc wizards
  3 polar bear simulacra (IceCv)
  5 troll simulacra (IceCv)
  8 spriggan simulacra (IceCv)
  2 gnolls (D:5)
  9 adders
  6 naga simulacra (IceCv)
  8 white imps
  3 ufetubi (IceCv)
  A ribbon worm (D:2)
  A dart slug (D:3)
  54 orcs
  9 bats
  10 endoplasms
  4 giant cockroaches
  12 hobgoblins
  3 jackals (D:1)
  29 kobolds
  4 quokkas
  8 ball pythons
  4 frilled lizards
  11 goblins
  5 rats
638 creatures vanquished.

Vanquished Creatures (collateral kills)
  A kobold blastminer (Orc:2)
  2 molten gargoyles (Lair:5)
  Edmund (D:6)
  7 orc warriors
  3 centaurs (D:11)
  9 wights
  A lava snake (Lair:5)
  An orc priest (D:8)
  3 orc wizards
  6 gnolls
  15 orcs
  4 kobolds
  3 frilled lizards (D:4)
  2 goblins (D:10)
58 creatures vanquished.

Vanquished Creatures (others)
  9 dancing weapons
  An orc priest (D:9)
  2 orc wizards
  An ufetubus (IceCv)
13 creatures vanquished.

Grand Total: 709 creatures vanquished

Notes
Turn   | Place    | Note
-------+----------+-------------------------------------------
     0 | D:1      | backslashecho the Gnoll Enchanter began the quest for the
                  | Orb.
     0 | D:1      | Reached XP level 1. HP: 13/13 MP: 6/6
   179 | D:1      | Reached XP level 2. HP: 13/19 MP: 7/7
   401 | D:1      | Learned a level 2 spell: Ensorcelled Hibernation
   480 | D:1      | Reached skill level 5 in Spellcasting
   480 | D:1      | Reached XP level 3. HP: 17/25 MP: 5/9
   603 | D:1      | Reached skill level 6 in Stealth
   981 | D:1      | Reached skill level 1 in Invocations
  1351 | D:2      | Reached skill level 1 in Fighting
  1351 | D:2      | Reached skill level 1 in Long Blades
  1351 | D:2      | Reached skill level 1 in Axes
  1351 | D:2      | Reached skill level 1 in Maces & Flails
  1351 | D:2      | Reached skill level 1 in Polearms
  1351 | D:2      | Reached skill level 1 in Staves
  1351 | D:2      | Reached skill level 1 in Ranged Weapons
  1351 | D:2      | Reached skill level 1 in Throwing
  1351 | D:2      | Reached skill level 1 in Armour
  1351 | D:2      | Reached skill level 1 in Shields
  1351 | D:2      | Reached skill level 1 in Unarmed Combat
  1351 | D:2      | Reached skill level 1 in Evocations
  1691 | D:2      | Reached skill level 1 in Shapeshifting
  1691 | D:2      | Reached XP level 4. HP: 29/32 MP: 9/11
  1759 | D:2      | Noticed Jessica
  1765 | D:2      | Killed Jessica
  1766 | D:2      | Reached skill level 1 in Conjurations
  1766 | D:2      | Reached skill level 1 in Summonings
  1766 | D:2      | Reached skill level 1 in Necromancy
  1766 | D:2      | Reached skill level 1 in Translocations
  1766 | D:2      | Reached skill level 1 in Fire Magic
  1766 | D:2      | Reached skill level 1 in Ice Magic
  1766 | D:2      | Reached skill level 1 in Air Magic
  1766 | D:2      | Reached skill level 1 in Earth Magic
  1766 | D:2      | Reached skill level 1 in Alchemy
  1987 | D:3      | Noticed Grinder
  2233 | D:3      | Noticed a sky beast
  2249 | D:3      | Killed a sky beast
  2250 | D:3      | Reached XP level 5. HP: 29/38 MP: 1/12
  2454 | D:3      | Found Bomayts's One-of-a-Kind Rings.
  2505 | D:3      | Reached XP level 6. HP: 44/44 MP: 13/13
  2509 | D:3      | Learned a level 3 spell: Tukima's Dance
  2513 | D:3      | Learned a level 3 spell: Dazzling Flash
  2516 | D:3      | Learned a level 2 spell: Static Discharge
  2521 | D:3      | Learned a level 4 spell: Iskenderun's Mystic Blast
  2680 | D:3      | Identified the ring "Fasir" {rF+ rC+ Will- Int+6 Slay+2}
  2691 | D:3      | Found a faded altar of an unknown god.
  2994 | D:4      | Reached skill level 5 in Dodging
  3239 | D:4      | Found an iron altar of Okawaru.
  3547 | D:4      | Reached XP level 7. HP: 49/50 MP: 10/15
  4152 | D:4      | Reached XP level 8. HP: 49/58 MP: 13/16
  4319 | D:5      | Entered Level 5 of the Dungeon
  4563 | D:5      | Found Cuegiqam's Antique Armour Emporium.
  4653 | D:5      | Found a glowing drain.
  4673 | Sewer    | Entered a sewer
  4886 | Sewer    | Noticed Pargi
  4893 | Sewer    | Killed Pargi
  4894 | Sewer    | Reached skill level 7 in Stealth
  4959 | D:5      | Bought a glowing hat for 168 gold pieces
  4988 | D:5      | Found Raepaq's Book Emporium.
  5109 | D:5      | Found Igiewome's Jewellery Shoppe.
  5164 | D:5      | Found Wumiaroa's Magic Scroll Boutique.
  5167 | D:5      | Bought a scroll of identify for 28 gold pieces
  5167 | D:5      | Bought a scroll of teleportation for 42 gold pieces
  5205 | D:5      | Found Luots's General Store.
  5359 | D:6      | Noticed Edmund
  5364 | D:6      | Killed Edmund
  5471 | D:6      | Found a stormy altar of Qazlal.
  5475 | D:6      | Noticed an air elemental
  5475 | D:6      | Noticed a water elemental
  5896 | D:6      | Reached XP level 9. HP: 65/65 MP: 15/18
  6498 | D:6      | Reached skill level 5 in Short Blades
  6771 | D:5      | Reached skill level 5 in Invocations
  6775 | D:5      | Bought a potion of degeneration for 12 gold pieces
  6775 | D:5      | Bought a potion of heal wounds for 60 gold pieces
  6844 | D:7      | Noticed Maurice
  7147 | D:7      | Found a bloodstained altar of Trog.
  7147 | D:7      | Found a basalt altar of Yredelemnul.
  7206 | D:7      | Maurice stole a ring of wizardry
  7208 | D:7      | Maurice stole 6 javelins
  7339 | D:7      | Killed Maurice
  7340 | D:7      | Reached skill level 5 in Fighting
  7340 | D:7      | Reached skill level 5 in Long Blades
  7340 | D:7      | Reached skill level 5 in Axes
  7340 | D:7      | Reached skill level 5 in Maces & Flails
  7340 | D:7      | Reached skill level 5 in Polearms
  7340 | D:7      | Reached skill level 5 in Staves
  7340 | D:7      | Reached skill level 5 in Ranged Weapons
  7340 | D:7      | Reached skill level 5 in Throwing
  7340 | D:7      | Reached skill level 5 in Armour
  7340 | D:7      | Reached skill level 5 in Shields
  7340 | D:7      | Reached skill level 5 in Unarmed Combat
  7340 | D:7      | Reached skill level 5 in Evocations
  7340 | D:7      | Reached XP level 10. HP: 72/74 MP: 13/20
  7453 | D:7      | Reached skill level 8 in Stealth
  7473 | D:7      | Found a staircase to the Ecumenical Temple.
  7492 | Temple   | Entered the Ecumenical Temple
  7512 | Temple   | Became a worshipper of Ashenzari the Shackled
  7829 | D:8      | Found a staircase to the Lair.
  8312 | D:8      | Got the Book of the Unholy Arsonist
  8487 | D:8      | Noticed a two-headed ogre
  8497 | D:8      | Killed a two-headed ogre
  8498 | D:8      | Reached skill level 5 in Shapeshifting
  9590 | D:9      | Reached skill level 5 in Conjurations
  9590 | D:9      | Reached skill level 5 in Summonings
  9590 | D:9      | Reached skill level 5 in Necromancy
  9590 | D:9      | Reached skill level 5 in Translocations
  9590 | D:9      | Reached skill level 5 in Fire Magic
  9590 | D:9      | Reached skill level 5 in Ice Magic
  9590 | D:9      | Reached skill level 5 in Air Magic
  9590 | D:9      | Reached skill level 5 in Earth Magic
  9590 | D:9      | Reached skill level 5 in Alchemy
  9622 | D:9      | Reached XP level 11. HP: 68/83 MP: 16/23
 10660 | D:10     | Entered Level 10 of the Dungeon
 10821 | D:9      | Reached * piety under Ashenzari
 10862 | D:10     | Noticed Urug
 10867 | D:10     | Killed Urug
 10898 | D:10     | Found a flagged portal.
 10950 | Bailey   | Entered a bailey
 11165 | Bailey   | Noticed an orc knight
 11178 | Bailey   | Killed an orc knight
 11179 | Bailey   | Reached skill level 9 in Stealth
 11781 | D:10     | Noticed Erica
 11822 | D:10     | Killed a +2 scimitar of flaming
 11822 | D:10     | Killed Erica
 12066 | D:10     | Found Rokhaode's Island Escapes.
 12241 | D:10     | Found a staircase to the Orcish Mines.
 12512 | D:11     | Learned a level 5 spell: Fireball
 12779 | D:11     | Noticed a boulder beetle
 12784 | D:11     | Killed a boulder beetle
 13025 | D:11     | Reached ** piety under Ashenzari
 13361 | D:5      | Bought the ring "Tool Rilu" {Ice *Slow rElec rPois Int+3}
                  | for 482 gold pieces
 13483 | D:11     | Noticed a manticore
 13506 | D:11     | Killed a manticore
 13853 | D:11     | Noticed a centaur warrior
 13856 | D:11     | Identified the +5 rapier of Precise Incision {antimagic,
                  | rF+ Dex+5}
 13858 | D:11     | Killed a centaur warrior
 13859 | D:11     | Reached XP level 12. HP: 94/94 MP: 26/26
 13859 | D:11     | Reached skill level 9 in Dodging
 13859 | D:11     | Reached skill level 9 in Spellcasting
 13859 | D:11     | Reached XP level 13. HP: 101/101 MP: 26/28
 14352 | Lair:1   | Entered Level 1 of the Lair of Beasts
 14356 | Lair:1   | Reached skill level 10 in Stealth
 14372 | Lair:1   | Found a frozen archway.
 14391 | IceCv    | Entered an ice cave
 15867 | IceCv    | Reached skill level 9 in Invocations
 16289 | Lair:1   | Reached *** piety under Ashenzari
 16552 | Lair:1   | Reached skill level 9 in Hexes
 17335 | Lair:2   | Reached skill level 9 in Short Blades
 17425 | Lair:2   | Identified the +0 trident "Zympot" {freeze, rPois rC+}
 18788 | Lair:3   | Reached XP level 14. HP: 105/113 MP: 25/30
 18848 | Lair:3   | Reached skill level 9 in Fighting
 18848 | Lair:3   | Reached skill level 9 in Long Blades
 18848 | Lair:3   | Reached skill level 9 in Axes
 18848 | Lair:3   | Reached skill level 9 in Maces & Flails
 18848 | Lair:3   | Reached skill level 9 in Polearms
 18848 | Lair:3   | Reached skill level 9 in Staves
 18848 | Lair:3   | Reached skill level 9 in Ranged Weapons
 18848 | Lair:3   | Reached skill level 9 in Throwing
 18848 | Lair:3   | Reached skill level 9 in Armour
 18848 | Lair:3   | Reached skill level 9 in Shields
 18848 | Lair:3   | Reached skill level 9 in Unarmed Combat
 18848 | Lair:3   | Reached skill level 9 in Evocations
 19195 | Lair:3   | Found a staircase to the Snake Pit.
 19763 | Lair:4   | Reached skill level 11 in Stealth
 20919 | Lair:5   | Entered Level 5 of the Lair of Beasts
 21706 | Lair:5   | Reached **** piety under Ashenzari
 21916 | Lair:5   | Found a staircase to the Slime Pits.
 21917 | Lair:5   | Found a viscous altar of Jiyva.
 22782 | Lair:5   | Found a large runed translucent door.
 22884 | Lair:5   | Found a large runed translucent door.
 23399 | Lair:2   | Reached skill level 9 in Shapeshifting
 23404 | Lair:2   | Found a staircase to the Swamp.
 23736 | D:10     | Bought a scroll of teleportation for 51 gold pieces
 23736 | D:10     | Bought a scroll of fog for 68 gold pieces
 23736 | D:10     | Bought a scroll of blinking for 127 gold pieces
 23777 | Orc:1    | Entered Level 1 of the Orcish Mines
 24077 | Orc:2    | Entered Level 2 of the Orcish Mines
 24489 | Orc:1    | Found Seoplet's Jewellery Emporium.
 24770 | Orc:2    | Found a roughly hewn altar of Beogh.
 25179 | Orc:2    | Reached XP level 15. HP: 122/122 MP: 32/32
 25196 | Orc:2    | Found a staircase to the Elven Halls.
 25615 | Orc:2    | Found Siulup's Book Shoppe.
 25898 | Orc:2    | Paralysed by an orc sorcerer for 4 turns
 26106 | Orc:2    | Found Nutam's Jewellery Shoppe.
 26120 | Orc:2    | Found Pephun's General Store.
 26126 | Orc:2    | Found Vyjagibo's Antique Armour Shop.
 26633 | D:12     | Noticed Snorg
 26636 | D:12     | Killed Snorg
 26954 | D:12     | Noticed Lodul
 26978 | D:12     | Killed Lodul
 27167 | Orc:2    | Bought a tin of tremorstones (2/2) for 520 gold pieces
 27167 | Orc:2    | Bought a wand of light (2) for 109 gold pieces
 27380 | D:12     | Found a roughly hewn altar of Beogh.
 27671 | D:12     | Reached skill level 12 in Stealth
 27769 | D:13     | Noticed Frances
 27840 | D:13     | Found a gate leading to a gauntlet.
 27850 | Gauntlet | Entered a Gauntlet
 27858 | Gauntlet | Found a transporter.
 27858 | Gauntlet | Found a transporter.
 27865 | Gauntlet | Identified the ring of Ogiaco {rF+ Str+2}
 27866 | Gauntlet | Found a transporter.
 27869 | Gauntlet | Found a transporter.
 27879 | Gauntlet | Found a transporter.
 27879 | Gauntlet | Identified Sophisticated Veiled Power
 27887 | Gauntlet | Identified the ring of Balance {rPois EV+5 Dex+4}
 27932 | Gauntlet | Found a transporter.
 27952 | Gauntlet | Found a transporter.
 27968 | Gauntlet | Found a transporter.
 27971 | Gauntlet | Found a transporter.
 27981 | Gauntlet | Identified the +7 war axe of Koasso {drain, Str+4 Dex+3}
 27982 | Gauntlet | Found a transporter.
 27985 | Gauntlet | Found a transporter.
 27995 | Gauntlet | Found a transporter.
 27995 | Gauntlet | Identified the amulet of Udilup {-Tele Fly rElec Regen+
                  | Dex-5}
 28425 | Gauntlet | Identified the death talisman "Lilepn" {Str+5}
 28425 | Gauntlet | Identified the +11 scimitar "Laoric" {speed, *Noise rPois
                  | Str+4 Dex+3}
 28911 | D:13     | Identified the ring of the Komodo Dragon {^Drain rPois rC+
                  | Will+++ Dex+2}
 28912 | D:13     | Found the +7 captain's cutlass {speed, disarm}
 29497 | D:13     | Killed Frances
 29498 | D:13     | Reached skill level 9 in Conjurations
 29498 | D:13     | Reached skill level 9 in Summonings
 29498 | D:13     | Reached skill level 9 in Necromancy
 29498 | D:13     | Reached skill level 9 in Translocations
 29498 | D:13     | Reached skill level 9 in Fire Magic
 29498 | D:13     | Reached skill level 9 in Ice Magic
 29498 | D:13     | Reached skill level 9 in Air Magic
 29498 | D:13     | Reached skill level 9 in Earth Magic
 29498 | D:13     | Reached skill level 9 in Alchemy
 29769 | D:14     | Found a blossoming altar of Fedhas.
 30235 | D:14     | HP: 1/125 [seven-headed hydra (9)]
 30235 | D:14     | Mangled by a seven-headed hydra

Illustrated notes

Levels and vault maps discovered:
D:1:      giann_wishing_wells, layout_basic
D:2:      layout_basic, corexii_item_surrounded_by_moat, minmay_statues_item,
          minmay_tree_intersection, uniq_jessica
D:3:      layout_loops_ring, shapermc_ecumenical_altar_mp_vishouse, st_stairs_3,
          grunt_ministairs_10, nicolae_shop_unique_rings, minmay_between,
          uniq_grinder
D:4:      layout_loops_corners, kennysheep_okawaru_gauntlet,
          corexii_corridor_pit, lexackson_kobold_supper
D:5:      layout_rooms, serial_shops, nicolae_take_the_stairs,
          nicolae_shop_gaudy_bauble, shop, nicolae_shop_real_fake_doors, shop,
          mainiacjoe_sewer_entry_somewhere_in_here_2, minmay_misc_feat_hallway,
          st_stairs_5
D:6:      layout_basic, nicolae_qazlal_style_of_elements,
          nicolae_elevator_lobby_asterisk, uniq_edmund
D:7:      layout_basic, gammafunk_temple_overflow_elements, temple_fountains,
          uniq_maurice
D:8:      layout_basic, erik_lair_orcish_takeover
D:9:      layout_irregular_city
D:10:     layout_rooms, minmay_orc_entry_guard_dogs, serial_corexii_hall,
          corexii_hall_statues_x, chequers_hall_statues_y, enter_bailey_3,
          nicolae_island_escapes, uniq_urug, uniq_erica
D:11:     layout_stronghold
D:12:     layout_roguey [special_room_orc], uniq_snorg, uniq_lodul
D:13:     layout_stronghold, serial_column_ruins, column_ruins_square_small,
          column_ruins_grid_1, column_ruins_columns_straight,
          column_ruins_corridor_straight, column_ruins_columns_straight,
          gauntlet_entry_generic, minmay_hollow_rounded_squares, uniq_frances
D:14:     layout_loops_ring, hangedman_vaults_entry_quadrant_bands,
          fedhas_altar_fruit_tree, chequers_arboretum, uniq_rupert
Temple:   regret_index_temple_chain_breaker
Lair:1:   layout_chaotic_city, portal_ice_cave_entry_pillars_2,
          serial_bayou_lake_a, serial_bayou_shore_a
Lair:2:   dreamdust_cave_troll, layout_loops_ring, palyth_hydra_swamp_entry,
          infiniplex_staircase_pool_2
Lair:3:   layout_gridlike, guppyfry_snake_entry_garden, serial_bayou_shore_b
Lair:4:   layout_cave_pods, st_stairs_12
Lair:5:   cheibrodos_lair_end_hotspot, layout_regular_city,
          nicolae_slime_entry_slimehenge
Orc:1:    layout_caves, serial_shops, shop, nicolae_orc_bridge_out
Orc:2:    st_orc_elflike, layout_caves, basic_altar

Skill      XL: |  1  2  3  4  5  6  7  8  9 10 11 12 13 14 15 |
---------------+----------------------------------------------+-----
Spellcasting   | 5 6 7 8 9 10 11 | 11.8
Stealth        | 6 7 8 9 10 11 12 | 12.2
Invocations    | 1 2 3 4 5 6 7 8 9 10 11 | 11.7
Fighting       | 1 2 3 5 6 7 8 9 10 | 10.7
Long Blades    | 1 2 3 5 6 7 8 9 10 | 10.7
Axes           | 1 2 3 5 6 7 8 9 10 | 10.7
Maces & Flails | 1 2 3 5 6 7 8 9 10 | 10.7
Polearms       | 1 2 3 5 6 7 8 9 10 | 10.7
Staves         | 1 2 3 5 6 7 8 9 10 | 10.7
Ranged Weapons | 1 2 3 5 6 7 8 9 10 | 10.7
Throwing       | 1 2 3 5 6 7 8 9 10 | 10.7
Armour         | 1 2 3 5 6 7 8 9 10 | 10.7
Shields        | 1 2 3 5 6 7 8 9 10 | 10.7
Unarmed Combat | 1 2 3 5 6 7 8 9 10 | 10.7
Evocations     | 1 2 3 5 6 7 8 9 10 | 10.7
Shapeshifting  | 1 2 3 4 5 6 7 8 9 |  9.9
Conjurations   | 1 2 3 4 5 6 7 8 9 |  9.0
Summonings     | 1 2 3 4 5 6 7 8 9 |  9.0
Necromancy     | 1 2 3 4 5 6 7 8 9 |  9.0
Translocations | 1 2 3 4 5 6 7 8 9 |  9.0
Fire Magic     | 1 2 3 4 5 6 7 8 9 |  9.0
Ice Magic      | 1 2 3 4 5 6 7 8 9 |  9.0
Air Magic      | 1 2 3 4 5 6 7 8 9 |  9.0
Earth Magic    | 1 2 3 4 5 6 7 8 9 |  9.0
Alchemy        | 1 2 3 4 5 6 7 8 9 |  9.0
Short Blades   | 3 4 5 6 7 8 9 10 11 | 11.1
Dodging        | 5 6 7 8 9 10 11 | 11.7
Hexes          | 6 7 8 9 10 | 10.6

Action                     |  1- 3 |  4- 6 |  7- 9 | 10-12 | 13-15 || total
---------------------------+-------+-------+-------+-------+-------++-------
  Melee: Dagger            |   139 |    61 |   182 |   229 |   606 ||  1217
         Bite              |     9 |     4 |    17 |    33 |   118 ||   181
         Falchion          |       |       |       |    71 |       ||    71
         Rapier            |       |       |       |       |   176 ||   176
         Cutlass           |       |       |       |       |   146 ||   146
  Throw: Dart              |       |       |    17 |    13 |    21 ||    51
   Cast: Ensorcelled Hiber |     7 |    11 |    42 |    55 |   349 ||   464
         Iskenderun's Myst |       |     2 |     3 |    17 |    19 ||    41
         Dazzling Flash    |       |     1 |    11 |    14 |     9 ||    35
         Tukima's Dance    |       |       |    18 |    43 |    16 ||    77
         Static Discharge  |       |       |       |     2 |     9 ||    11
         Fireball          |       |       |       |       |    22 ||    22
 Invoke: Curse Item        |       |       |       |     3 |     4 ||     7
         Shatter the Chain |       |       |       |       |     2 ||     2
  Evoke: Wand              |       |       |       |     4 |     8 ||    12
    Use: Scroll            |     1 |       |    11 |       |     2 ||    14
         Potion            |       |       |     1 |     3 |     1 ||     5
   Stab: Sleeping          |    12 |    23 |    36 |    49 |   230 ||   350
         Distracted        |     1 |     1 |     1 |     2 |     6 ||    11
         Invisible         |       |       |     4 |    12 |     7 ||    23
 Armour: Robe              |    57 |    33 |   115 |   171 |       ||   376
         Troll leather arm |       |       |       |    11 |   471 ||   482
  Dodge: Dodged            |    81 |    31 |   117 |   199 |   432 ||   860
  Block: Other             |       |       |     7 |    59 |    52 ||   118
         Reflection        |       |       |       |     4 |     8 ||    12
         Kite shield       |       |       |       |       |   393 ||   393
   Form: Beast             |     1 |       |       |       |       ||     1
                           |       |       |     1 |       |       ||     1

Table legend: (Time is in decaauts)
 A = Elapsed time spent in this place.
 B = Non-inter-level travel time spent in this place.
 C = Inter-level travel time spent in this place.
 D = Time resting spent in this place.
 E = Time spent auto-exploring this place.
 F = Levels seen in this place.
 G = Mean time per level.
                   A        B        C        D        E       F      G
               +--------+--------+--------+--------+--------+-----+--------+
         Total |  29886 |  27007 |   2879 |   3923 |  16008 |  26 | 1149.5 |
       Dungeon |  16694 |  14694 |   2000 |   1320 |   9847 |  14 | 1192.4 |
        Temple |     40 |      1 |     39 |      0 |      0 |   1 |   40.0 |
          Lair |   7393 |   6788 |    605 |    977 |   4066 |   5 | 1478.6 |
  Orcish Mines |   2470 |   2235 |    235 |    433 |   1181 |   2 | 1235.0 |
         Sewer |    264 |    264 |      0 |    144 |     10 |   1 |  264.0 |
        Bailey |    602 |    602 |      0 |     72 |    262 |   1 |  602.0 |
      Ice Cave |   1703 |   1703 |      0 |    766 |    467 |   1 | 1703.0 |
      Gauntlet |    717 |    717 |      0 |    209 |    174 |   1 |  717.0 |
               +--------+--------+--------+--------+--------+-----+--------+

Top non-repeatable levels by time:
  Lair:5: 2157 daAuts
     D:9: 1860 daAuts
    D:11: 1711 daAuts
   IceCv: 1703 daAuts
     D:6: 1517 daAuts
   Orc:2: 1457 daAuts
  Lair:2: 1429 daAuts
     D:4: 1353 daAuts
  Lair:4: 1350 daAuts
  Lair:3: 1299 daAuts
    D:10: 1276 daAuts
    D:12: 1253 daAuts
     D:8: 1203 daAuts
  Lair:1: 1156 daAuts
     D:1: 1127 daAuts
